 Dungeon Crawl Stone Soup version 0.29.0-5-ge4962eb29e (webtiles) character file.

Game seed: 1106366283735492793

1564 ImASeal the Cleaver (level 8, -3/70 HPs)
             Began as a Minotaur Abyssal Knight on Aug 28, 2022.
             Was an Elder of Lugonu.
             Slain by Duvessa
             ... wielding a +0 short sword of protection
              (17 damage)
             ... on level 6 of the Dungeon.
             The game lasted 00:23:54 (5023 turns).

ImASeal the Cleaver (Minotaur Abyssal Knight)       Turns: 5023, Time: 00:23:55

Health: -3/70      AC: 13    Str: 21    XL:     8   Next: 58%
Magic:  8/8        EV:  9    Int:  7    God:    Lugonu [****..]
Gold:   226        SH:  0    Dex: 10    Spells: 7/7 levels left

rFire   . . .      SeeInvis .   a - +1 hand axe
rCold   . . .      Faith    .   (no shield)
rNeg    . . .      Spirit   .   n - +3 chain mail {rPois}
rPois   +          Reflect  .   (helmet restricted)
rElec   .          Harm     .   (no cloak)
rCorr   .          Rampage  .   (no gloves)
Will    .....      Clarity  +   (no boots)
Stlth   ..........              j - amulet of regeneration
HPRegen 1.01/turn               (no ring)
MPRegen 0.11/turn               (no ring)

@: hasted, very quick
A: horns 2, retaliatory headbutt, clarity
a: Renounce Religion, Depart the Abyss, Bend Space, Banish, Corrupt


You were on level 6 of the Dungeon.
You worshipped Lugonu.
Lugonu was greatly pleased with you.
You visited 1 branch of the dungeon, and saw 6 of its levels.
You visited the Abyss 1 time.

You collected 226 gold pieces.

Inventory:

Hand Weapons
 a - a +1 hand axe (weapon)
 c - a +0 hand axe
 p - a +0 war axe
Armour
 b - a +0 leather armour
 m - a +2 leather armour of willpower
 n - a +3 chain mail of poison resistance (worn)
 y - a +1 helmet
Magical Staves
 t - a staff of death
Jewellery
 f - a ring of ice
 j - an amulet of regeneration (around neck)
Wands
 r - a wand of roots (5)
Scrolls
 d - 2 scrolls of torment {unknown}
 h - 3 scrolls of magic mapping {unknown}
 i - 2 scrolls of fear (quivered) {unknown}
 l - a scroll of acquirement {unknown}
 o - 5 scrolls of noise {unknown}
 q - 2 scrolls of enchant armour {unknown}
 u - 2 scrolls of identify
 v - a scroll of enchant weapon {unknown}
 x - a scroll of immolation {unknown}
Potions
 g - a potion of attraction {unknown}
 k - a potion of cancellation
 s - a potion of lignification {unknown}
 w - a potion of flight {unknown}


   Skills:
 + Level 6.2 Fighting
 + Level 9.1 Axes
 + Level 6.3 Armour
 + Level 4.3 Dodging
 + Level 1.4 Stealth
 + Level 1.9 Invocations


You had 7 spell levels left.
You didn't know any spells.
Your spell library contained the following spells:

 Spells                   Type           Power      Damage    Failure   Level
 Sandblast                Erth           0%         2d4       98%         1
 Passwall                 Tmut/Erth      0%         N/A       99%         2
 Stone Arrow              Conj/Erth      0%         3d7       100%        3


Dungeon Overview and Level Annotations

Branches:
Dungeon (6/15)
 Temple: D:4-7

Altars:
Ashenzari
Cheibriados
Dithmenos
Gozag
Kikubaaqudgha
Okawaru
Qazlal
Sif Muna
Uskayaw
Vehumet

Shops:
D:3 :

Annotations:
D:6 Duvessa


Innate Abilities, Weirdness & Mutations

You have a pair of horns on your head.
You reflexively headbutt those who attack you in melee.
You possess an exceptional clarity of mind.


Message History

Duvessa barely misses you.
You hit Duvessa but do no damage. Duvessa hits you but does no damage.
You closely miss Duvessa. You punch Duvessa, but do no damage.
Duvessa hits you with a +0 short sword of protection.
You hit Duvessa.
Duvessa is lightly wounded.
Duvessa barely misses you. You furiously retaliate!
You headbutt Duvessa, but do no damage. Duvessa closely misses you.
You slash Duvessa!
Duvessa is lightly wounded.
Duvessa hits you but does no damage.
You slash Duvessa!
Duvessa is moderately wounded.
Duvessa completely misses you.
You hit Duvessa but do no damage.
Duvessa is moderately wounded.
Duvessa hits you with a +0 short sword of protection!
You are too injured to fight recklessly!
You are too injured to fight recklessly!
You hit Duvessa but do no damage.
Duvessa is moderately wounded.
Duvessa hits you but does no damage. x2
You hit Duvessa but do no damage.
Duvessa is moderately wounded.
Duvessa hits you with a +0 short sword of protection.
You hit Duvessa but do no damage.
Duvessa is moderately wounded.
Duvessa hits you with a +0 short sword of protection!
You hit Duvessa.
Duvessa is moderately wounded.
Duvessa hits you with a +0 short sword of protection.
* * * LOW HITPOINT WARNING * * *
You hit Duvessa but do no damage. Your headbutt misses Duvessa.
Duvessa is moderately wounded.
Duvessa hits you with a +0 short sword of protection!
* * * LOW HITPOINT WARNING * * *
Duvessa closely misses you.
You feel yourself speed up.
Duvessa hits you with a +0 short sword of protection!
You die...

################
#..)...........#
#
#.############.#
.. #.# #.#
#.##########.#
#..
#....[.......#
### #...(.....#
#.#.####@..# ..
##. #e.......
... #. #........
... ..#.#####...
## (#.# (5 .#..
. ###


You could see Duvessa (berserk).

Vanquished Creatures
  Grinder (D:3)
  The ghost of Fv001 the Trooper, an amateur DsFi (D:3)
  A water moccasin (D:4)
  A black bear (D:4)
  2 ogres
  Blork the orc (D:4)
  2 scorpions
  Dowan (D:6)
  A hound (D:4)
  A jelly (D:5)
  3 orc priests
  Jessica (D:2)
  An iguana (D:4)
  Terence (D:3)
  Natasha (thrice) (D:2)
  4 orc wizards
  8 gnolls
  6 adders
  2 shadow imps
  A worm (D:2)
  2 dart slugs
  23 orcs
  A ball python (D:4)
  6 endoplasms
  2 giant cockroaches
  5 goblins
  7 hobgoblins
  5 quokkas
  9 bats
  7 frilled lizards
  2 kobolds
  4 rats
115 creatures vanquished.

Notes
Turn   | Place    | Note
-------+----------+-------------------------------------------
     0 | Abyss:1  | ImASeal the Minotaur Abyssal Knight began the quest for the
                  | Orb.
     0 | Abyss:1  | Reached XP level 1. HP: 19/19 MP: 1/1
    83 | Abyss:1  | Noticed a ynoxinul
   100 | Abyss:1  | Noticed a hell hound
   104 | D:1      | Escaped the Abyss
   496 | D:1      | Found a faded altar of an unknown god.
   498 | D:1      | Reached ** piety under Lugonu
   694 | D:1      | Reached XP level 2. HP: 22/27 MP: 2/2
  1188 | D:2      | You fall into a shaft and drop 1 floor!
  1222 | D:2      | Noticed Jessica
  1234 | D:2      | Killed Jessica
  1235 | D:2      | Reached skill level 3 in Axes
  1235 | D:2      | Reached XP level 3. HP: 7/34 MP: 3/3
  1786 | D:2      | Noticed Natasha
  1800 | D:2      | Killed Natasha
  1801 | D:2      | Reached XP level 4. HP: 27/41 MP: 4/4
  1970 | D:2      | Noticed Natasha
  1977 | D:2      | Killed Natasha
  1978 | D:2      | Reached skill level 1 in Stealth
  2175 | D:2      | Noticed Natasha
  2185 | D:2      | Killed Natasha
  2317 | D:3      | Reached XP level 5. HP: 39/47 MP: 5/5
  2364 | D:3      | Reached skill level 4 in Axes
  2394 | D:3      | Found a runed translucent door.
  2394 | D:3      | Noticed Fv001's ghost (amateur DsFi)
  2415 | D:3      | Found a broken altar of Ashenzari.
  2427 | D:3      | Noticed Terence
  2436 | D:3      | Killed Terence
  2623 | D:3      | Found a shimmering blue altar of Sif Muna.
  2625 | D:3      | Found a shadowy altar of Dithmenos.
  2626 | D:3      | Found an opulent altar of Gozag.
  2644 | D:3      | Found a snail-covered altar of Cheibriados.
  2711 | D:3      | Noticed Grinder
  2718 | D:3      | Paralysed by Grinder for 5 turns
  2728 | D:3      | Killed Grinder
  2729 | D:3      | Reached skill level 5 in Fighting
  2729 | D:3      | Reached skill level 5 in Axes
  2729 | D:3      | Reached XP level 6. HP: 42/56 MP: 6/6
  2779 | D:3      | Reached *** piety under Lugonu
  2792 | D:3      | Found Xihuja's Book Boutique.
  3105 | D:3      | Killed Fv001's ghost
  3106 | D:3      | Reached skill level 6 in Axes
  3106 | D:3      | Reached XP level 7. HP: 45/61 MP: 7/7
  3131 | D:3      | Gained mutation: You are weak. (Str -2) [potion of
                  | mutation]
  3132 | D:3      | Lost mutation: You are weak. (Str -2) [potion of mutation]
  3132 | D:3      | Gained mutation: You possess an exceptional clarity of
                  | mind. [potion of mutation]
  3197 | D:4      | Reached skill level 7 in Axes
  3267 | D:4      | Noticed Blork the orc
  3283 | D:4      | Killed Blork the orc
  3347 | D:4      | Found a hide-covered altar of Uskayaw.
  3357 | D:4      | Reached skill level 5 in Armour
  3404 | D:4      | Reached skill level 8 in Axes
  3404 | D:4      | Reached XP level 8. HP: 48/70 MP: 8/8
  3657 | D:4      | Reached **** piety under Lugonu
  3799 | D:5      | Entered Level 5 of the Dungeon
  4318 | D:5      | Found a radiant altar of Vehumet.
  4343 | D:5      | Found a stormy altar of Qazlal.
  4652 | D:5      | Reached skill level 9 in Axes
  4884 | D:6      | Found an ancient bone altar of Kikubaaqudgha.
  4886 | D:6      | Found an iron altar of Okawaru.
  4963 | D:6      | Noticed Dowan
  4963 | D:6      | Noticed Duvessa
  4979 | D:6      | Killed Dowan
  5023 | D:6      | Slain by Duvessa

Illustrated notes

Levels and vault maps discovered:
D:1:      lightli_arrival_statue_moat, layout_basic,
          ebering_ecumenical_altar_mist, st_stairs_3, minivault_11,
          serial_bayou_pond_e
D:2:      layout_basic, minmay_misc_feat_iff, uniq_jessica, uniq_natasha
D:3:      layout_basic, cheibrodos_ashenzari_chains,
          nicolae_overflow_quartered_altars, hellmonk_ghost_happy_afterlife,
          serial_shops, nicolae_lakefront_shop, uniq_grinder, uniq_terence
D:4:      layout_rooms, mainiacjoe_overflow_surrounded_room,
          hangedman_decor_slide_cut, uniq_blork_the_orc
D:5:      layout_basic, nicolae_vehumet_altar_sigil, grunt_qazlal_clouds
D:6:      layout_loops_ring, mainiacjoe_overflow_divided_tiny, uniq_eustachio,
          uniq_duvessa

Skill      XL: |  1  2  3  4  5  6  7  8 |
---------------+-------------------------+-----
Fighting       | 4 5 6 |  6.2
Axes           | 3 5 6 8 9 |  9.1
Armour         | 3 4 5 6 |  6.3
Stealth        | 1 |  1.4
Dodging        | 2 3 4 |  4.3
Invocations    | |  1.9

Action                   |  1- 3 |  4- 6 |  7- 9 || total
-------------------------+-------+-------+-------++-------
Melee: Hand axe          |    66 |   110 |   185 ||   361
       Headbutt          |     3 |    18 |    41 ||    62
       Punch             |     2 |       |     3 ||     5
       War axe           |       |     8 |       ||     8
Invok: Depart the Abyss  |     1 |       |       ||     1
  Use: Scroll            |       |     4 |       ||     4
       Potion            |       |       |     4 ||     4
Armor: Leather armour    |    26 |    13 |       ||    39
       Chain mail        |       |    49 |    65 ||   114
Dodge: Dodged            |    79 |    56 |    62 ||   197
